Map: Prion Terraces

Players

BUZZBOMB

  • Race: Terran Terran
  • League: Silver
  • Spawn Location: 5:00

Fropez - Winner!

  • Race: Protoss Protoss
  • League: Silver
  • Spawn Location: 11:00

VOD

Have the link to the VOD?

Description

Time

  • Played on: April 20, 2016, 12:23 p.m.
  • Length: 30:17
Show
View Real Time Build Order
Export as new Build Order

BUZZBOMB Terran 

Build Orders:  

Get SALT Encoding   

  12  0:58  Supply Depot  
  12  1:26  Barracks  
  12  1:39  Command Center  
  12  1:40  Barracks  
  12  2:04  SCV  
  12  2:07  Refinery  
  13  2:12  Barracks  
  13  2:16  SCV  
  13  2:17  Marine  
  15  2:28  SCV  
  16  2:36  Marine  
  17  2:40  SCV  
  17  2:41  Refinery  
  18  2:46  Engineering Bay  
  18  2:51  SCV  
  18  2:55  SCV  
  20  2:59  Marine  
  21  3:08  Marine  
  21  3:09  SCV  
  21  3:10  SCV  
  24  3:23  Barracks  
  24  3:26  Marine  
  24  3:27  Marine  
  25  3:28  Barracks Tech Lab  
  26  3:36  Supply Depot  
  26  3:45  Supply Depot  
  26  3:46  Missile Turret  
  27  3:55  SCV, Missile Turret  
  27  3:59  SCV  
  28  4:11  SCV, Missile Turret  
  29  4:17  Missile Turret  
  29  4:23  SCV  
  24  4:50  Planetary Fortress  
  24  4:54  Marine x2, Marauder  
  28  5:01  Terran Infantry Weapons Level 1  
  28  5:03  Stimpack  
  28  5:06  Marine  
  29  5:13  Planetary Fortress  
  29  5:19  Marauder  
  31  5:29  SCV  
  32  5:36  Marine  
  32  5:37  Marine  
  32  5:38  Marine  
  32  5:41  SCV  
  36  5:53  SCV  
  37  6:07  SCV  
  38  6:15  Factory  
  38  6:18  Command Center  
  38  6:19  SCV  
  39  6:28  SCV  
  39  6:31  Marine x2  
  39  6:32  Marine  
  43  6:34  Marauder  
  45  6:55  Marine x3, Marauder  
  50  7:13  Marine x3  
  41  7:17  Marauder  
  43  7:31  Marine x3, Command Center  
  43  7:34  SCV  
  43  7:35  Starport  
  47  7:38  Marauder  
  47  7:39  Missile Turret  
  49  7:45  Widow Mine  
  49  7:46  SCV  
  52  7:53  Missile Turret  
  52  7:56  Hi-Sec Auto Tracking  
  52  7:59  Marauder  
  52  8:02  Barracks Reactor  
  52  8:05  Missile Turret x2  
  54  8:15  SCV  
  55  8:27  SCV  
  56  8:59  Marine x2, Marauder  
  56  9:00  Marine x2  
  62  9:14  Concussive Shells  
  41  9:17  Marine x4  
  41  9:21  Marauder  
  47  9:24  SCV, Refinery  
  48  9:35  Starport Reactor  
  48  9:37  SCV  
  43  9:42  Marauder  
  44  9:48  Marine x3  
  44  9:49  Marine, SCV  
  49  10:01  SCV  
  49  10:03  Marauder  
  49  10:06  Marine x4  
  56  10:10  Missile Turret  
  56  10:11  Missile Turret  
  56  10:13  SCV  
  56  10:14  Missile Turret  
  57  10:15  Missile Turret  
  57  10:20  Starport, Viking  
  59  10:24  Marine, Widow Mine  
  62  10:35  Refinery  
  62  10:42  SCV  
  63  10:49  Refinery  
  63  10:51  Refinery  
  63  10:53  Armory  
  63  10:54  SCV  
  63  10:55  Viking  
  66  11:08  Orbital Command  
  49  11:33  Planetary Fortress  
  49  11:39  Missile Turret  
  49  11:40  Missile Turret  
  49  11:41  Building Armor  
  49  11:46  Marine x5  
  54  11:50  Medivac  
  56  12:03  Missile Turret  
  56  12:08  Marine x2  
  56  12:09  Marine x3  
  61  12:16  SCV  
  62  12:26  Marine x4, SCV  
  62  12:27  Marine  
  62  12:28  SCV, Supply Depot  
  62  12:29  Liberator  
  69  12:32  Supply Depot  
  69  12:34  Factory Tech Lab  
  69  12:38  SCV  
  69  12:40  SCV  
  71  12:44  Marine x4, Medivac x2  
  71  12:46  Marauder  
  71  12:50  SCV  
  85  12:52  SCV  
  85  12:57  Supply Depot  
  86  12:58  Terran Vehicle And Ship Armor Level 1  
  86  13:02  Marine, SCV  
  88  13:14  SCV  
  88  13:19  SCV  
  90  13:22  Viking x2  
  94  13:29  Viking  
  94  13:31  SCV  
  97  13:43  SCV  
  98  13:55  SCV  
  97  14:07  SCV  
  96  14:13  Marine x4, Marauder  
  102  14:19  SCV  
  103  14:30  Marine x2  
  105  14:31  SCV  
  105  14:34  Marauder  
  96  14:44  SCV  
  79  14:49  Marine x4  
  83  14:55  Marauder  
  85  15:02  Terran Ship Weapons Level 1  
  85  15:06  Marine  
  85  15:07  Marine x3  
  85  15:09  Missile Turret  
  85  15:10  Missile Turret  
  85  15:12  Siege Tank  
  92  15:17  Marauder  
  93  15:24  Marine  
  82  15:41  Marine x3, Marauder  
  87  15:44  Viking x2  
  87  15:45  Viking  
  93  16:04  Missile Turret  
  93  16:05  Marauder  
  93  16:08  Missile Turret x3  
  86  16:14  Viking x2, Missile Turret  
  86  16:15  Viking, Missile Turret  
  90  16:23  Marine x3  
  90  16:24  Marine  
  89  16:26  Marine  
  80  16:41  Marine x4  
  80  16:43  Marine  
  80  16:44  Viking x2  
  80  16:45  Viking  
  82  17:05  Marine  
  82  17:06  Marine x4  
  87  17:14  Viking x2  
  87  17:15  SCV, Viking  
  90  17:23  Marine x3  
  93  17:33  Terran Infantry Armor Level 1  
  93  17:34  Marine  
  93  17:36  Terran Ship Weapons Level 2  
  94  17:42  Supply Depot  
  89  17:46  Supply Depot  
  80  18:06  Marine x3, Marauder  
  80  18:07  Marine  
  86  18:19  Viking  
  88  18:20  Viking  
  88  18:22  Siege Tank  
  88  18:24  Marine x4  
  97  18:27  Marine  
  96  18:42  Marine  
  96  18:46  Marauder  
  93  18:53  Viking x2  
  93  18:54  Viking  
  69  19:26  Viking x2  
  69  19:27  Viking, Terran Infantry Weapons Level 2  
  75  19:34  Command Center  
  75  19:57  Command Center  
  75  20:01  Starport  
  75  20:04  Marine x4, Marauder  
  79  20:25  Marauder  
  59  20:46  Viking x2  
  53  21:59  Marine x4, Marauder  
  59  22:17  Marine x4  
  59  22:21  Marauder  
  65  22:29  Missile Turret  
  65  22:32  Missile Turret  
  65  22:34  Planetary Fortress, Missile Turret x2  
  65  22:35  Marine x4, Missile Turret  
  69  22:42  Marauder  
  61  22:52  Marine  
  61  22:53  Marine x2  
  60  23:01  Bunker  
  60  23:03  Marauder  
  62  23:11  Marine x3  
  62  23:12  Marine  
  66  23:25  Marauder  
  66  23:29  Marine x2  
  66  23:37  Marine x2  
  64  23:44  Viking x2  
  64  23:46  Marauder  
  64  23:47  Marine x2  
  62  23:55  Marine x2  
  64  24:05  Marine x2  
  64  24:07  Marauder  
  65  24:13  Marine  
  66  24:29  Marauder  
  68  24:35  Missile Turret  
  68  24:36  Missile Turret x2  
  68  24:37  Missile Turret  
  68  24:39  Missile Turret  
  68  24:41  Missile Turret  
  67  24:47  Missile Turret  
  65  25:11  Marine x4, Marauder  
  71  25:14  Viking x2  
  75  25:29  Marine x3  
  75  25:32  Marauder  
  70  25:40  Missile Turret x3  
  70  25:41  Missile Turret  
  70  25:43  Missile Turret x2  
  70  25:45  Missile Turret x2  
  70  25:46  Missile Turret  
  70  25:48  Missile Turret x2  
  70  25:51  SCV  
  71  25:58  Widow Mine  
  71  26:03  SCV  
  74  26:26  Widow Mine  
  74  26:32  Orbital Command  
  61  26:54  Marine x5  
  61  26:58  SCV  
  67  27:11  SCV  
  67  27:12  Marine x5  
  73  27:21  Widow Mine  
  75  27:23  SCV  
  76  27:30  Marine x2  
  76  27:35  SCV  
  79  27:47  SCV  
  79  27:49  Missile Turret x2  
  79  27:50  Missile Turret x2  
  79  27:51  Marine x5, Missile Turret  
  81  27:52  Missile Turret  
  81  28:04  Missile Turret  
  76  28:08  Marine  
  76  28:09  Marine x4  
  78  28:26  Marine x2  
  79  28:28  SCV  
  76  28:40  SCV  
  67  28:52  SCV  
  67  29:02  Viking  
  69  29:04  SCV  
Show
View Real Time Build Order
Export as new Build Order

Fropez Protoss - Winner!

Build Orders: Oracle Opening 

Get SALT Encoding   

  12  0:00  Probe (Chrono Boost)  
  13  0:11  Probe (Chrono Boost)  
  14  0:18  Pylon  
  14  0:24  Probe (Chrono Boost)  
  15  0:42  Gateway  
  15  0:45  Pylon  
  15  0:49  Probe (Chrono Boost)  
  16  0:55  Pylon  
  16  0:59  Probe (Chrono Boost)  
  17  1:10  Probe (Chrono Boost)  
  18  1:11  Assimilator  
  18  1:17  Pylon  
  18  1:30  Cybernetics Core  
  18  1:31  Probe (Chrono Boost)  
  19  1:41  Probe (Chrono Boost)  
  19  1:46  Assimilator  
  20  1:52  Probe (Chrono Boost)  
  21  2:02  Probe (Chrono Boost)  
  22  2:13  Probe (Chrono Boost)  
  23  2:28  Probe (Chrono Boost), Stargate  
  24  2:36  Pylon  
  24  2:37  Zealot  
  24  2:39  Probe (Chrono Boost)  
  27  2:45  Protoss Air Weapons Level 1 (Chrono Boost)  
  27  2:49  Probe  
  28  3:04  Zealot  
  32  3:09  Probe  
  31  3:12  Oracle  
  34  3:21  Probe  
  34  3:27  Pylon  
  35  3:31  Zealot  
  35  3:33  Probe  
  38  3:45  Probe  
  39  3:48  Oracle  
  42  3:57  Probe  
  42  3:58  Zealot  
  45  4:07  Pylon  
  45  4:09  Probe  
  46  4:21  Probe  
  47  4:27  Protoss Air Armor Level 1 (Chrono Boost)  
  47  4:33  Probe  
  48  4:53  Probe  
  48  4:56  Void Ray  
  53  5:15  Nexus  
  53  5:18  Assimilator  
  53  5:20  Assimilator  
  53  5:24  Pylon, Probe  
  53  5:26  Pylon  
  54  5:35  Stargate  
  54  5:53  Zealot  
  54  5:56  Oracle  
  60  6:05  Mothership Core  
  61  6:21  Oracle  
  64  6:26  Probe x2  
  66  6:42  Gateway  
  66  6:49  Zealot  
  66  6:52  Probe  
  69  6:58  Oracle  
  72  7:07  Pylon  
  72  7:20  Zealot  
  72  7:21  Probe x2  
  76  7:26  Oracle  
  76  7:28  Zealot  
  81  7:32  Probe  
  81  7:33  Probe  
  81  7:34  Warp Gate (Chrono Boost)  
  83  7:44  Probe  
  83  7:45  Probe  
  83  7:47  Zealot  
  87  7:55  Zealot  
  89  8:03  Pylon x2  
  89  8:05  Probe x2  
  89  8:07  Pylon  
  89  8:08  Pylon  
  91  8:16  Nexus  
  91  8:19  Probe  
  91  8:23  Zealot  
  93  8:34  Pylon, Probe  
  93  8:44  Void Ray  
  93  8:46  Void Ray  
  101  8:50  Zealot  
  101  8:51  Probe  
  101  8:52  Probe  
  96  9:22  Pylon  
  96  9:27  Void Ray  
  96  9:29  Void Ray, Pylon  
  104  9:43  Probe  
  104  9:44  Probe  
  106  10:00  Nexus  
  106  10:05  Probe  
  107  10:11  Nexus  
  107  10:13  Probe  
  107  10:14  Twilight Council  
  108  10:28  Pylon  
  108  10:29  Probe  
  113  10:40  Oracle x2  
  115  10:49  Pylon, Probe  
  116  10:51  Charge (Chrono Boost)  
  116  10:52  Probe  
  117  10:57  Zealot  
  117  11:04  Zealot  
  118  11:40  Zealot x2  
  118  11:43  Assimilator  
  118  11:46  Pylon  
  122  11:47  Assimilator  
  122  11:50  Pylon  
  122  11:52  Pylon  
  122  12:00  Pylon  
  122  12:03  Pylon  
  122  12:12  Gateway  
  122  12:14  Gateway  
  122  12:17  Gateway  
  122  12:20  Pylon  
  122  12:22  Forge, Gateway  
  122  12:25  Gateway  
  122  12:29  Pylon  
  122  12:32  Pylon, Probe x2  
  122  12:35  Probe  
  125  12:37  Pylon  
  125  12:44  Probe  
  125  12:51  Nexus, Probe  
  126  12:53  Pylon  
  126  12:54  Pylon  
  126  12:56  Void Ray  
  126  12:57  Void Ray  
  135  13:08  Probe  
  135  13:11  Fleet Beacon  
  135  13:12  Pylon  
  136  13:16  Photon Cannon  
  136  13:19  Photon Cannon  
  136  13:23  Photon Cannon  
  136  13:24  Photon Cannon  
  136  13:27  Probe  
  136  13:28  Probe  
  136  13:29  Photon Cannon  
  136  13:30  Protoss Shields Level 1  
  138  13:39  Void Ray  
  138  13:40  Void Ray  
  134  14:13  Zealot x5  
  134  14:14  Zealot x2  
  142  14:34  Pylon, Photon Cannon  
  142  14:36  Photon Cannon  
  135  14:50  Zealot x4  
  135  14:51  Zealot x3  
  141  15:06  Probe x2  
  141  15:14  Gateway  
  143  15:16  Gateway  
  143  15:17  Fleet Beacon  
  143  15:19  Stargate  
  137  15:23  Zealot x2  
  137  15:24  Zealot x5  
  108  16:58  Carrier  
  108  16:59  Carrier x2  
  118  17:03  Probe x2  
  120  17:12  Protoss Air Weapons Level 2  
  120  17:16  Graviton Catapult  
  120  17:25  Cybernetics Core  
  120  17:27  Pylon  
  120  17:28  Pylon  
  120  17:39  Pylon  
  117  17:46  Stalker x4  
  117  17:47  Probe  
  117  17:48  Probe  
  120  18:24  Carrier x2  
  120  18:25  Carrier  
  138  18:29  Assimilator, Stalker x2  
  138  18:31  Assimilator  
  142  18:34  Pylon  
  137  18:53  Nexus  
  134  19:06  Probe x2  
  113  19:17  Probe x2  
  115  19:27  Probe  
  115  19:28  Probe  
  117  19:31  Nexus  
  117  19:38  Probe  
  117  19:39  Probe  
  119  19:48  Probe  
  119  19:49  Probe  
  110  21:00  Probe x3  
  113  21:10  Probe  
  113  21:11  Probe  
  111  21:15  Probe  
  114  21:21  Probe  
  115  21:35  Probe  
  115  21:38  Probe  
  117  21:41  Pylon  
  117  21:52  Probe  
  117  21:53  Probe  
  118  21:55  Probe  
  120  22:03  Protoss Air Weapons Level 3  
  120  22:07  Protoss Air Armor Level 2  
  120  22:36  Zealot x3  
  126  22:37  Zealot x4  
  126  22:38  Zealot  
  128  22:58  Probe x2  
  124  22:59  Probe  
  117  23:09  Assimilator  
  117  23:11  Assimilator  
  109  23:18  Templar Archives  
  99  23:23  Pylon  
  94  24:17  Probe x2  
  94  24:18  Probe  
  94  24:19  Probe  
  95  24:39  Zealot x2  
  95  24:40  Zealot x2  
  95  24:41  Nexus  
  95  24:43  Probe x4, Assimilator  
  98  24:47  Assimilator  
  98  24:50  Pylon  
  98  24:52  Pylon  
  91  24:53  Probe x2  
  91  24:54  Pylon, Probe  
  91  24:59  Pylon  
  95  25:00  Zealot x2  
  95  25:04  High Templar, Probe x3  
  95  25:05  High Templar, Pylon  
  101  25:09  Archon  
  101  25:14  Probe  
  101  25:15  Probe x2  
  104  25:25  Probe x3  
  98  25:35  Probe  
  98  25:36  Probe x2  
  101  25:46  Probe x3  
  101  25:49  Nexus  
  103  25:57  Probe x3  
  106  26:07  Probe x3, Robotics Facility  
  109  26:27  Protoss Air Armor Level 3  
  109  26:36  Carrier  
  115  26:45  Carrier  
  120  27:02  Probe  
  120  27:03  Probe x2  
  120  27:07  Probe  
  123  27:13  High Templar x2  
  123  27:14  High Templar x2  
  132  28:04  High Templar x4  
  140  28:07  Archon x2  
  114  28:34  Archon x2  
  114  28:41  Probe x4  
  110  28:50  Assimilator  
  110  28:51  Probe  
  110  28:52  Probe x3  
  114  28:56  Assimilator  
  114  29:02  Probe x3  
  114  29:03  Probe  
  110  29:12  Probe  
  110  29:13  Probe x3  
  113  29:20  Nexus  
  113  29:23  Probe x3  
  113  29:24  Probe  
  117  29:34  Probe x4  
  121  29:59  Probe x3  
  120  30:00  Probe  
Tags
 
Add a new tag
Caveats
  • Supply blocks, unpowered buildings, or Contaminate may cause inaccurate times.
  • Supply counts are checked every 10 seconds.